 Dungeon Crawl Stone Soup version 0.29-a0-25-g7f48f510a0 (webtiles) character file.

Game seed: 2743217413265560610

35 HallandMoats the Skirmisher (level 3, -7/29 HPs)
             Began as a Demonspawn Fighter on Jan 31, 2022.
             Killed by nerve-wracking pain
             ... invoked by an orc priest
              (12 damage)
             ... on level 2 of the Dungeon.
             The game lasted 00:01:59 (1359 turns).

HallandMoats the Skirmisher (Demonspawn Fighter)    Turns: 1359, Time: 00:02:00

Health: -7/29      AC:  7    Str: 18    XL:     3   Next: 17%
Magic:  4/4        EV:  9    Int:  9    God:
Gold:   67         SH:  4    Dex: 12    Spells: 2/2 levels left

rFire   + . .      SeeInvis .   a - +0 war axe
rCold   . . .      Faith    .   c - +0 buckler
rNeg    . . .      Spirit   .   b - +0 scale mail
rPois   .          Reflect  .   (no helmet)
rElec   .          Harm     .   (no cloak)
rCorr   .          Rampage  .   m - +0 pair of gloves
Will    .....                   (no boots)
Stlth   ..........              (no amulet)
HPRegen 0.09/turn               g - ring of protection from fire
MPRegen 0.09/turn               (no ring)

@: no status effects
A: spiny 1, weakness stinger 1
a: no special abilities


You were on level 2 of the Dungeon.
You visited 1 branch of the dungeon, and saw 2 of its levels.

You collected 67 gold pieces.

Inventory:

Hand Weapons
 a - a +0 war axe (weapon)
Armour
 b - a +0 scale mail (worn)
 c - a +0 buckler (worn)
 m - a +0 pair of gloves (worn)
Jewellery
 g - a ring of protection from fire (left hand)
Scrolls
 e - a scroll of teleportation {unknown}
 f - a scroll of holy word {unknown}
 h - a scroll of vulnerability {unknown}
 j - a scroll of immolation {unknown}
 k - a scroll of noise {unknown}
 n - a scroll of identify {unknown}
Potions
 d - a potion of might
 i - a potion of curing {unknown}
 l - a potion of cancellation {unknown}


   Skills:
 * Level 3.3 Fighting
 * Level 2.2 Axes
 + Level 2.8 Armour
 + Level 0.5 Dodging
 + Level 2.8 Shields
 * Level 1.4 Invocations


You had 2 spell levels left.
You didn't know any spells.
Your spell library was empty.

Dungeon Overview and Level Annotations

Branches:
Dungeon (2/15)

Altars:


Innate Abilities, Weirdness & Mutations

You are partially covered in sharp spines.
You have a small tail.


Message History

There is an open door here.
An orc priest comes into view. It is wielding a +0 club.
The orc priest shouts!
You hear a shout! x2
The orc priest mumbles some strange prayers to Beogh against you.
Beogh smites you!
An orc priest is nearby!
An orc priest is nearby!
An orc priest is nearby! 3 orcs and an orc wizard come into view.
An orc is wielding a +2 mace of holy wrath.
The orc shouts! x2
You barely miss the orc priest.
The orc priest hits you but does no damage.
You barely miss the orc priest.
Your tail-slap misses the orc priest.
The orc priest hits you but does no damage.
The orc wizard gestures wildly while chanting.
The orc wizard flickers and vanishes!
Deactivating autopickup; reactivate with Ctrl-A.
The orc priest hits you with a +0 club.
You barely miss the orc priest. You tail-slap the orc priest.
The orc priest is moderately wounded.
You slash the orc!
You kill the orc!
You hear some strange, mumbled words.
Something tries to affect you, but you resist.
The orc priest hits you with a +0 club.
You are too injured to fight recklessly!
You hit the orc priest but do no damage.
You tail-slap the orc priest!
The orc priest is almost dead.
The orc priest mumbles some strange prayers to Beogh against you.
Beogh smites you!
* * * LOW HITPOINT WARNING * * *
You hit the orc priest but do no damage.
You tail-slap the orc priest, but do no damage.
The orc priest is almost dead.
You closely miss something.
The orc priest calls down the wrath of Beogh upon you.
Pain shoots through your body!
You die...

#...... #......
#...... #......
#...... #......
############......
#o)o.o.##..'......
#@#######.##......
#.........##......
############[#####
#.# # ..# ###


You could see an orc priest and 2 orcs.

Vanquished Creatures
  An orc (D:2)
  6 bats
  2 endoplasms
  A giant cockroach (D:1)
  8 quokkas
  2 ball pythons
  4 kobolds
  8 rats
32 creatures vanquished.

Notes
Turn   | Place    | Note
-------+----------+-------------------------------------------
     0 | D:1      | HallandMoats the Demonspawn Fighter began the quest for the
                  | Orb.
     0 | D:1      | Reached XP level 1. HP: 18/18 MP: 1/1
   313 | D:1      | Reached skill level 1 in Invocations
   313 | D:1      | Gained mutation: You are partially covered in sharp spines.
                  | [demonic ancestry]
   313 | D:1      | Reached XP level 2. HP: 23/24 MP: 2/2
  1145 | D:2      | Identified the +1 ring mail of the Ward {*Slow Int+4 SInv
                  | Stlth+}
  1232 | D:2      | Gained mutation: You have a small tail. [demonic ancestry]
  1232 | D:2      | Reached XP level 3. HP: 29/29 MP: 4/4
  1359 | D:2      | Killed from afar by an orc priest

Illustrated notes

Levels and vault maps discovered:
D:1:      saegor_arrival_simple_b, layout_basic, serial_curves, eino_curves_02,
          eino_curves_01, chequers_serial_rivers_large_a
D:2:      layout_basic, hellmonk_ecumenical_altar_watching_god,
          minmay_rat_gold_closets

Skill      XL: |  1  2 |
---------------+-------+-----
Invocations    | 1 |  1.4
Axes           | 2 |  2.2
Fighting       | |  3.3
Armour         | |  2.8
Dodging        | |  0.5
Shields        | |  2.8

Action                   || total
-------------------------++-------
Melee: War axe           ||    73
       Tailslap          ||     4
Armor: Scale mail        ||    36
Dodge: Dodged            ||    33
Block: Buckler           ||    21

Table legend: (Time is in decaauts)
 A = Elapsed time spent in this place.
 B = Non-inter-level travel time spent in this place.
 C = Inter-level travel time spent in this place.
 D = Time resting spent in this place.
 E = Time spent auto-exploring this place.
 F = Levels seen in this place.
 G = Mean time per level.
                   A        B        C        D        E       F      G
               +--------+--------+--------+--------+--------+-----+--------+
         Total |   1399 |   1367 |     32 |      0 |   1160 |   2 |  699.5 |
       Dungeon |   1399 |   1367 |     32 |      0 |   1160 |   2 |  699.5 |
               +--------+--------+--------+--------+--------+-----+--------+

Top non-repeatable levels by time:
     D:1: 1056 daAuts
     D:2: 342 daAuts
